 Dungeon Crawl Stone Soup version 0.26.1-2-gb8aa6d0cf2 (webtiles) character file.

Game seed: 9459725628731860638

131753 Almogavar the Warrior (level 16, -3/158 HPs)
             Began as a Minotaur Fighter on Mar 23, 2021.
             Was the Champion of Makhleb.
             Splashed by a goliath frog's acid (6 damage)
             ... on level 1 of the Swamp.
             The game lasted 01:53:38 (30401 turns).

Almogavar the Warrior (Minotaur Fighter)           Turns: 30401, Time: 01:53:39

Health: -3/158     AC: 15    Str: 32    XL:     16   Next: 56%
Magic:  21/21      EV: 16    Int:  5    God:    Makhleb [******]
Gold:   3622       SH: 15    Dex: 12    Spells: 15/15 levels left

rFire    . . .     SeeInvis .   L - +5 scimitar (flame)
rCold    + + +     Faith    .   V - +0 kite shield {reflect}
rNeg     + . .     Spirit   .   C - +0 ice dragon scales
rPois    .         Reflect  +   (helmet restricted)
rElec    .         Harm     .   o - scarf {rC+ rF+}
rCorr    .         Rampage  .   (no gloves)
Will     +....                  Z - +0 pair of boots
Stlth    ..........             O - amulet of regeneration
HPRegen  0.76/turn              p - +6 ring of strength
MPRegen  0.17/turn              c - ring of positive energy

@: very slightly contaminated, invisible, very slow
A: retaliatory headbutt, horns 2
a: Renounce Religion, Minor Destruction, Lesser Servant of Makhleb, Major
Destruction, Greater Servant of Makhleb


You were on level 1 of the Swamp.
You worshipped Makhleb.
Makhleb was exalted by your worship.
You visited 5 branches of the dungeon, and saw 25 of its levels.
You also visited: Ice Cave.

You collected 3954 gold pieces.
You spent 332 gold pieces at shops.

Inventory:

Hand Weapons
 x - the +9 sword of Zonguldrok {reap}
   (You found it on level 14 of the Dungeon)

   If a monster killed with it leaves a corpse in good enough shape, the corpse
   is reanimated as a zombie friendly to the killer.
 L - a +5 scimitar of flaming (weapon)
 M - a +0 hunting sling of freezing
Missiles
 g - 520 stones (quivered)
 w - 194 sling bullets
Armour
 o - a scarf of resistance (worn)
 C - +0 ice dragon scales (worn)
 J - the +0 tower shield "Sett" {+Fly rElec Dex-3}
   (You found it on level 14 of the Dungeon)

   It affects your dexterity (-3).
   It insulates you from electricity.
   It lets you fly.
 U - +0 fire dragon scales
 V - a +0 kite shield of reflection (worn)
 Y - +0 acid dragon scales
 Z - a +0 pair of boots (worn)
Jewellery
 c - a ring of positive energy (right hand)
 p - a +6 ring of strength (left hand)
 y - an uncursed ring of poison resistance
 F - a +4 ring of protection
 O - an amulet of regeneration (around neck)
 X - an uncursed ring of stealth
Wands
 e - a wand of disintegration (38)
 q - a wand of flame (63)
 P - a wand of iceblast (12)
 W - a wand of acid (8)
Scrolls
 m - 15 scrolls of remove curse
 r - 8 scrolls of teleportation
 t - 8 scrolls of fear
 u - 4 scrolls of magic mapping
 B - 2 scrolls of summoning
 D - 7 scrolls of enchant armour
 N - a scroll of silence
 R - 3 scrolls of fog
 S - a scroll of enchant weapon
Potions
 a - a potion of experience {unknown}
 b - 3 potions of heal wounds {unknown}
 d - 4 potions of might
 f - 4 potions of haste
 i - 2 potions of resistance
 j - 3 potions of magic {unknown}
 k - 10 potions of curing
 l - 3 potions of attraction {unknown}
 n - a potion of cancellation {unknown}
 z - a potion of berserk rage {unknown}
 E - a potion of mutation {unknown}
 G - 2 potions of degeneration {unknown}
 I - 3 potions of ambrosia {unknown}
 K - 8 potions of flight {unknown}
Miscellaneous
 s - a phial of floods
 Q - a lightning rod (4/4)


   Skills:
 + Level 18.3 Fighting
 + Level 14.5 Long Blades
 * Level 11.5 Slings
 - Level 11.3 Armour
 + Level 10.7 Dodging
 - Level 15.0 Shields
 * Level 8.9 Invocations


You had 15 spell levels left.
You didn't know any spells.
Your spell library contained the following spells:

 Spells                   Type           Power        Failure   Level
 Animate Skeleton         Necr           0%           71%         1
 Apportation              Tloc           0%           71%         1
 Corona                   Hex            0%           71%         1
 Pain                     Necr           0%           71%         1
 Summon Small Mammal      Summ           0%           71%         1
 Call Imp                 Summ           0%           83%         2
 Slow                     Hex            0%           83%         2
 Call Canine Familiar     Summ           0%           97%         3
 Inner Flame              Hex/Fire       0%           97%         3
 Ozocubu's Armour         Ice            0%           97%         3
 Portal Projectile        Hex/Tloc       0%           97%         3
 Summon Guardian Golem    Hex/Summ       0%           97%         3
 Vampiric Draining        Necr           0%           97%         3
 Animate Dead             Necr           0%           100%        4
 Cause Fear               Hex            0%           100%        4
 Ice Form                 Ice/Tmut       0%           100%        4
 Leda's Liquefaction      Hex/Erth       0%           100%        4
 Summon Ice Beast         Ice/Summ       0%           100%        4
 Summon Lightning Spire   Summ/Air       0%           100%        4
 Agony                    Necr           0%           100%        5
 Bolt of Magma            Conj/Fire/Erth 0%           100%        5
 Irradiate                Conj/Tmut      0%           100%        5
 Lee's Rapid Deconstruct  Erth           0%           100%        5
 Metabolic Englaciation   Hex/Ice        0%           100%        5
 Freezing Cloud           Conj/Ice/Air   0%           100%        6
 Hydra Form               Tmut           0%           100%        6
 Iron Shot                Conj/Erth      0%           100%        6
 Ozocubu's Refrigeration  Ice            0%           100%        6
 Simulacrum               Ice/Necr       0%           100%        6
 Statue Form              Tmut/Erth      0%           100%        6
 Dragon Form              Tmut           0%           100%        7


Dungeon Overview and Level Annotations

Branches:
Dungeon (15/15)            Temple (1/1) D:5            Lair (6/6) D:8
  Swamp (1/4) Lair:4        Snake (0/4) Lair:4        Slime (0/5) Lair:5
    Orc (2/2) D:10            Elf (0/3) Orc:2        Vaults (0/5) D:14
 Depths (0/5) D:15          IceCv (visited)

Altars:
Ashenzari
Cheibriados
Dithmenos
Elyvilon
Fedhas
Gozag
Hepliaklqana
Kikubaaqudgha
Makhleb
Nemelex Xobeh
Okawaru
Qazlal
Ru
Sif Muna
Trog
Uskayaw
Vehumet
Wu Jian
Xom
Yredelemnul
Zin
The Shining One
Jiyva

Shops:
D:9 *   Orc:2 (?}*

Portals:
Trove: D:10 (give 12 potions of heal wounds)

Annotations:
Lair:2 exclusion: 3 oklob plants


Innate Abilities, Weirdness & Mutations

You reflexively headbutt those who attack you in melee.
You have a pair of horns on your head.


Message History

You block the spriggan rider's attack.
As you read the scroll of teleportation, it crumbles to dust.
You feel strangely unstable.
The spriggan rider hits you from afar with a cursed -3 spear.
* * * LOW HITPOINT WARNING * * *
You block the spriggan rider's attack.
The spriggan rider hits you from afar with a +0 spear!
* * * LOW HITPOINT WARNING * * *
The spriggan rider hits you but does no damage.
Your surroundings suddenly seem different.
Splash!
You fall into the shallow water.
Moving in this stuff is going to be slow.
A goliath frog comes into view.
You fade into invisibility!
You are very lightly contaminated with residual magic.
You block the goliath frog's attack. The goliath frog hits you!
* * * LOW HITPOINT WARNING * * *
You are splashed with acid.
You die...

♣≈≈..♣ ...
≈≈≈.. ≈≈ ♣
♣.... ≈≈.♣ ♣
♣...≈ . .♣
..♣≈...♣≈≈≈♣
♣.....≈≈♣..
♣.....≈≈♣
♣♣...@♣♣
♣..≈F.≈♣
....♣≈≈.♣♣
.♣♣♣.≈.≈♣
♣♣♣♣♣♣


You could see a goliath frog.

Vanquished Creatures
  A bone dragon (D:14)
  A frost giant (D:15)
  An orc warlord (Orc:1)
  A reaper (IceCv)
  A minotaur (D:15)
  Snorg (Lair:5)
  A bunyip (Swamp:1)
  The ghost of Voamyx the Warrior, a journeyman GrFi of Okawaru (Lair:4)
  The ghost of Murgh the Cleaver, a journeyman MiBe of Trog (Lair:4)
  The ghost of Murgh the Cleaver, a journeyman MiBe of Trog (Lair:4)
  The ghost of Aricsoirch the Bludgeoner, a journeyman GrFi of Okawaru (Lair:3)
  An eleionoma (Swamp:1)
  Josephine (Orc:1)
  2 fire dragons
  The ghost of Almogavar the Carver, a journeyman MiBe of Trog (Orc:1)
  9 hydras
  Harold (D:9)
  2 ice dragons
  2 vault guards (D:14)
  Erolcha (Orc:2)
  3 boulder beetles
  Erica (D:10)
  A catoblepas (Lair:6)
  4 centaur warriors
  A death knight (D:12)
  An alligator (Swamp:1)
  A two-headed ogre (D:12)
  6 death yaks
  A tengu warrior (D:15)
  4 orc high priests
  2 spriggans (Swamp:1)
  7 skeletal warriors
  A swamp dragon (Swamp:1)
  An unseen horror (D:15)
  A bog body (Swamp:1)
  An obsidian statue (D:14)
  A wizard (D:10)
  A lindwurm (Lair:6)
  8 orc knights
  11 ugly things
  3 orc sorcerers (Orc:2)
  4 cyclopes
  A manticore (D:14)
  An oklob plant (Lair:2)
  12 elephants
  12 centaur zombies
  Joseph (D:7)
  2 ice statues (IceCv)
  7 black mambas
  A gargoyle (D:11)
  4 torpor snails
  A guardian serpent (shapeshifter) (D:15)
  21 cane toads
  An efreet (D:13)
  3 molten gargoyles (Lair:6)
  2 redback zombies (D:14)
  A kobold demonologist (D:11)
  4 rime drakes
  3 freezing wraiths
  16 komodo dragons
  11 ice devils (IceCv)
  3 polar bears
  A harpy zombie (D:14)
  4 trolls
  3 tyrant leeches (Swamp:1)
  2 hornets (Swamp:1)
  Prince Ribbit (D:8)
  11 blink frogs
  13 slime creatures
  2 meliai zombies
  57 yaks
  3 vampires
  7 wraiths
  8 wyverns
  2 hogs (D:11)
  5 basilisks
  10 humans
  A steam dragon (Lair:6)
  Grum (D:8)
  3 vampire mosquitoes (D:13)
  9 swamp worms
  A warg (Orc:1)
  A soldier ant (D:15)
  3 nagas (Lair:4)
  2 acid dragons
  14 water moccasins
  5 hell hounds (Lair:6)
  30 orc warriors
  A hornet zombie (D:14)
  3 ice beasts
  2 sky beasts
  3 black bears
  3 eyes of draining
  3 phantoms
  8 ogres
  14 wolves
  16 centaurs
  4 big kobolds
  16 bullfrogs
  A gnoll sergeant (D:11)
  A wyvern zombie (D:14)
  A water moccasin zombie (D:12)
  2 wyvern skeletons
  11 scorpions
  11 killer bees
  3 howler monkeys
  13 wights
  5 lava snakes (Lair:6)
  A bullfrog zombie (D:10)
  2 jellies
  8 hounds
  2 bullfrog skeletons
  19 orc priests
  Crazy Yiuf (D:3)
  12 centaur skeletons
  A gnoll shaman (D:4)
  Ijyb (D:3)
  5 hell rats (Lair:6)
  7 iguanas
  22 orc wizards
  17 worker ants
  A hound zombie (D:10)
  A hound skeleton (D:4)
  2 worker ant zombies
  17 adders
  19 gnolls
  3 shadow imps
  11 white imps
  9 ufetubi
  An ooze (D:7)
  3 adder skeletons
  A dart slug (D:2)
  2 worms (D:2)
  9 leopard geckos
  75 orcs
  6 giant cockroaches
  9 goblins
  6 hobgoblins
  16 jackals
  25 kobolds
  6 quokkas
  2 ball pythons
  6 bats
  6 frilled lizards
  A quokka skeleton (D:4)
  10 rats
867 creatures vanquished.

Vanquished Creatures (collateral kills)
  The ghost of Jiecrehi the Severer, a journeyman DDFi of Makhleb (D:15)
  A goliath frog (Swamp:1)
  A bog body (Swamp:1)
  A swamp worm (Swamp:1)
4 creatures vanquished.

Vanquished Creatures (others)
  A centaur skeleton (D:13)
  A bloated husk (Swamp:1)
  A human (D:14)
  An orc priest (Orc:2)
  5 white imps (IceCv)
  3 ufetubi (IceCv)
  20 fungi
  14 plants
  2 withered plants (Lair:4)
48 creatures vanquished.

Grand Total: 919 creatures vanquished

Notes
Turn   | Place    | Note
-------+----------+-------------------------------------------
     0 | D:1      | Almogavar the Minotaur Fighter began the quest for the Orb.
     0 | D:1      | Reached XP level 1. HP: 19/19 MP: 0/0
   200 | D:1      | Reached XP level 2. HP: 27/27 MP: 1/1
   515 | D:1      | Reached skill level 4 in Fighting
   704 | D:2      | Reached XP level 3. HP: 19/34 MP: 2/2
   978 | D:2      | Reached XP level 4. HP: 36/41 MP: 3/3
  1788 | D:3      | Reached XP level 5. HP: 45/47 MP: 4/4
  1832 | D:3      | Noticed Ijyb
  2023 | D:3      | Killed Ijyb
  2180 | D:3      | Found a sparkling altar of Nemelex Xobeh.
  2180 | D:3      | Found a shimmering blue altar of Sif Muna.
  2181 | D:3      | Found a sacrificial altar of Ru.
  2214 | D:3      | Reached skill level 1 in Dodging
  2317 | D:3      | Reached skill level 5 in Armour
  2342 | D:3      | Found a white marble altar of Elyvilon.
  2458 | D:3      | Found a bloodstained altar of Trog.
  2521 | D:3      | Found a runed translucent door.
  2522 | D:3      | Noticed Crazy Yiuf
  2531 | D:3      | Killed Crazy Yiuf
  2673 | D:4      | Reached XP level 6. HP: 44/55 MP: 5/5
  2843 | D:4      | Reached skill level 5 in Long Blades
  3084 | D:4      | Reached skill level 5 in Fighting
  3091 | D:4      | Reached XP level 7. HP: 39/61 MP: 6/6
  3183 | D:3      | Reached skill level 5 in Shields
  3896 | D:5      | Entered Level 5 of the Dungeon
  3943 | D:5      | Found an opulent altar of Gozag.
  3965 | D:5      | Found a staircase to the Ecumenical Temple.
  3986 | Temple   | Entered the Ecumenical Temple
  4103 | Temple   | Became a worshipper of Makhleb the Destroyer
  4768 | D:5      | Reached XP level 8. HP: 61/69 MP: 7/7
  5431 | D:5      | Found a shadowy altar of Dithmenos.
  5431 | D:5      | Found a hazy altar of Hepliaklqana.
  5506 | D:6      | Reached * piety under Makhleb
  6009 | D:6      | Found a broken altar of Ashenzari.
  6408 | D:7      | Noticed Joseph
  6434 | D:7      | Killed Joseph
  6435 | D:7      | Reached skill level 6 in Fighting
  6725 | D:7      | Found an ancient bone altar of Kikubaaqudgha.
  6898 | D:7      | Reached XP level 9. HP: 76/78 MP: 8/8
  6936 | D:7      | Found a glowing silver altar of Zin.
  6999 | D:7      | Reached ** piety under Makhleb
  7035 | D:8      | Noticed Grum
  7238 | D:8      | Killed Grum
  7364 | D:8      | Found a staircase to the Lair.
  7395 | D:8      | Noticed Prince Ribbit
  7409 | D:8      | Killed Prince Ribbit
  7505 | D:8      | Reached skill level 7 in Fighting
  7609 | D:8      | Reached skill level 10 in Long Blades
  7961 | D:9      | Found Neopt's General Store.
  7964 | D:9      | Noticed a green ugly thing
  8200 | D:9      | Killed a green ugly thing
  8200 | D:9      | Reached *** piety under Makhleb
  8201 | D:9      | Reached skill level 1 in Slings
  8201 | D:9      | Reached XP level 10. HP: 86/86 MP: 9/9
  8241 | D:9      | Bought a potion of might for 44 gold pieces
  8427 | D:9      | Found a hide-covered altar of Uskayaw.
  9062 | D:10     | Entered Level 10 of the Dungeon
  9193 | D:10     | Found a staircase to the Orcish Mines.
  9396 | D:10     | Got a smouldering chain mail
  9407 | D:10     | Identified the +3 chain mail of Stained Leaves {Int+4} (You
                  | found it on level 10 of the Dungeon)
  9508 | D:10     | Noticed a wizard
  9514 | D:10     | Noticed Erica
  9800 | D:10     | Killed a wizard
  9801 | D:10     | Reached skill level 8 in Fighting
  9809 | D:10     | Noticed Harold
  9970 | D:9      | Killed Harold
  9975 | D:10     | Noticed an orc knight
 10115 | D:10     | Noticed an orc knight
 10124 | D:9      | Killed an orc knight
 10387 | D:9      | Killed an orc knight
 10566 | D:10     | Killed Erica
 10567 | D:10     | Reached skill level 10 in Shields
 10679 | D:10     | Noticed a +6 great sword
 10740 | D:10     | Found a portal to a secret trove of treasure.
 10757 | D:10     | Noticed a four-headed hydra
 10767 | D:10     | Killed a two-headed hydra
 10768 | D:10     | Reached skill level 9 in Fighting
 10768 | D:10     | Reached skill level 10 in Armour
 10768 | D:10     | Reached XP level 11. HP: 82/97 MP: 10/10
 11178 | Orc:1    | Entered Level 1 of the Orcish Mines
 11233 | Orc:1    | Noticed an orc knight
 11258 | Orc:1    | Killed an orc knight
 11272 | Orc:1    | Reached **** piety under Makhleb
 11302 | Orc:1    | Noticed an orc warlord
 11439 | Orc:1    | Found a frozen archway.
 11440 | Orc:1    | Noticed an ice dragon
 11449 | Orc:1    | Reached skill level 5 in Dodging
 11460 | Orc:1    | Killed an ice dragon
 11461 | Orc:1    | Reached skill level 10 in Fighting
 11478 | IceCv    | Entered an ice cave
 11714 | IceCv    | Reached ***** piety under Makhleb
 11976 | IceCv    | Noticed a reaper
 11986 | IceCv    | Killed a reaper
 11987 | IceCv    | Reached XP level 12. HP: 108/108 MP: 11/11
 12003 | IceCv    | Got a scorched demon trident
 12013 | IceCv    | Identified the +8 demon trident of Gloom {freeze, rC+} (You
                  | found it in an ice cave)
 12450 | Orc:1    | Killed an orc warlord
 12451 | Orc:1    | Reached skill level 11 in Fighting
 12798 | Orc:1    | Noticed an orc high priest
 12818 | Orc:1    | Killed an orc high priest
 12842 | Orc:1    | Found a runed translucent door.
 12848 | Orc:1    | Noticed Almogavar's ghost (journeyman MiBe)
 12867 | Orc:1    | Killed Almogavar's ghost
 13191 | Orc:2    | Entered Level 2 of the Orcish Mines
 13261 | Orc:2    | Noticed Josephine
 13395 | Orc:1    | Killed Josephine
 14312 | Orc:2    | Noticed Erolcha
 14340 | Orc:2    | Killed Erolcha
 14346 | Orc:2    | Reached skill level 12 in Fighting
 14652 | Orc:2    | Found a staircase to the Elven Halls.
 14761 | Orc:2    | Noticed an orc high priest
 15078 | Orc:2    | Noticed an orc high priest
 15084 | Orc:2    | Killed an orc high priest
 15085 | Orc:2    | Reached skill level 1 in Invocations
 15085 | Orc:2    | Noticed an orc high priest
 15096 | Orc:2    | Killed an orc high priest
 15097 | Orc:2    | Reached XP level 13. HP: 114/119 MP: 12/12
 15108 | Orc:2    | Paralysed by an orc sorcerer for 4 turns
 15287 | Orc:2    | Found Jamassurchitz's Antique Weapon Emporium.
 15287 | Orc:2    | Found Sirghaefi's Magic Scroll Shop.
 15289 | Orc:2    | Found Pixte Las's Gadget Emporium.
 15289 | Orc:2    | Found Eralisil's General Store.
 15300 | Orc:2    | Bought a scroll of enchant armour for 120 gold pieces
 15300 | Orc:2    | Bought a scroll of fear for 56 gold pieces
 15300 | Orc:2    | Bought a scroll of noise for 16 gold pieces
 15300 | Orc:2    | Bought 3 scrolls of fog for 96 gold pieces
 15498 | Lair:1   | Entered Level 1 of the Lair of Beasts
 16239 | Lair:2   | Reached skill level 13 in Fighting
 16571 | Lair:2   | Got a pair of fine gloves
 16621 | Lair:2   | Identified the -1 pair of gloves of the Equator {rPois
                  | Int+4 Dex-2} (You found it on level 2 of the Lair of
                  | Beasts)
 17822 | Lair:3   | Reached skill level 5 in Slings
 17829 | Lair:3   | Reached ****** piety under Makhleb
 17900 | Lair:3   | Identified the Papyrus of Clay
 18552 | Lair:3   | Identified the Collected Works on Snow and Transmutation
 18918 | Lair:4   | Identified a scroll of acquirement
 18919 | Lair:4   | Acquired 1179 gold pieces
 18937 | Lair:4   | Found a staircase to the Snake Pit.
 18945 | Lair:4   | Reached XP level 14. HP: 130/130 MP: 15/15
 19061 | Lair:4   | Reached skill level 14 in Fighting
 19148 | Lair:4   | Found a staircase to the Swamp.
 19296 | Lair:4   | Found a runed translucent gate.
 19297 | Lair:4   | Found a runed translucent gate.
 19298 | Lair:4   | Found a runed translucent gate.
 19299 | Lair:4   | Noticed Voamyx's ghost (journeyman GrFi)
 19299 | Lair:4   | Noticed Aricsoirch's ghost (journeyman GrFi)
 19299 | Lair:4   | Noticed Murgh's ghost (journeyman MiBe)
 19299 | Lair:4   | Noticed Murgh's ghost (journeyman MiBe)
 19761 | Lair:4   | Killed Voamyx's ghost
 19776 | Lair:4   | Killed Murgh's ghost
 19820 | Lair:3   | Killed Aricsoirch's ghost
 19912 | Lair:4   | Killed Murgh's ghost
 20034 | Lair:5   | Reached skill level 5 in Invocations
 20119 | Lair:5   | Found a staircase to the Slime Pits.
 20120 | Lair:5   | Found a viscous altar of Jiyva.
 20244 | Lair:5   | Reached skill level 15 in Shields
 20566 | Lair:5   | Noticed Snorg
 20689 | Lair:5   | Killed Snorg
 20821 | Lair:5   | Reached skill level 15 in Fighting
 21144 | Lair:6   | Entered Level 6 of the Lair of Beasts
 21315 | Lair:6   | Found a snail-covered altar of Cheibriados.
 21433 | Lair:6   | Found a shimmering altar of Xom.
 21738 | Lair:6   | Reached XP level 15. HP: 121/141 MP: 18/18
 22129 | Lair:6   | Found a large runed translucent door.
 22130 | Lair:6   | Found a large runed translucent door.
 23735 | D:11     | Reached skill level 16 in Fighting
 24144 | D:11     | Paralysed by a gnoll for 2 turns
 25119 | D:12     | Reached skill level 10 in Slings
 27173 | D:14     | Reached skill level 17 in Fighting
 27393 | D:14     | Noticed a bone dragon
 27394 | D:14     | Found the +9 sword of Zonguldrok {reap}
 27428 | D:14     | Killed a bone dragon
 27429 | D:14     | Reached skill level 10 in Dodging
 27429 | D:14     | Reached XP level 16. HP: 45/155 MP: 21/21
 28235 | D:14     | Got a spiked tower shield
 28249 | D:14     | Found a gate to the Vaults.
 28411 | D:14     | Reached skill level 18 in Fighting
 28759 | D:15     | Entered Level 15 of the Dungeon
 28823 | D:15     | Found a staircase to the Depths.
 29049 | D:15     | Identified the +0 tower shield "Sett" {+Fly rElec Dex-3}
                  | (You found it on level 14 of the Dungeon)
 29125 | D:15     | Noticed Jiecrehi's ghost (journeyman DDFi)
 29165 | D:15     | Found a runed translucent gate.
 29165 | D:15     | Found a runed translucent gate.
 29165 | D:15     | Found a runed translucent gate.
 29215 | D:15     | Killed Jiecrehi's ghost
 29897 | Swamp:1  | Entered Level 1 of the Swamp
 30397 | Swamp:1  | HP: 6/158 [spriggan rider/+0 spear (14)]
 30401 | Swamp:1  | Splashed by a goliath frog's acid

Illustrated notes

Levels and vault maps discovered:
D:1:      dpeg_arrival_rooms_c, layout_loops_ring
D:2:      layout_rooms, serial_curves, eino_curves_02, eino_curves_02,
          eino_curves_04, eino_curves_04, amcnicky_mini_corridor_feature,
          minmay_tetromino_o2
D:3:      layout_rooms, nicolae_overflow_quartered_altars, elyvilon_altar_4,
          uniq_crazy_yiuf_cottage, uniq_ijyb
D:4:      layout_cave_pools, minmay_curled_crystal
D:5:      layout_cave_pods, riverfiend_overflow_shadow_ancestor,
          nicolae_overflow_crystal_walls, minmay_temple_entry_stoned_glass,
          grunt_decor_junction
D:6:      layout_basic, ashenzari_altar_1
D:7:      layout_gridville, zin_treasury, marbit_many_paths, uniq_joseph
D:8:      layout_basic, lair_entry_dummy, uniq_prince_ribbit1, uniq_grum
D:9:      layout_basic, lemuel_round_altar, serial_shops,
          nicolae_shop_waterfront
D:10:     layout_stronghold, orc_0_dummy, enter_trove_3,
          chequers_serial_rivers_micro_d, sword_in_stone
D:11:     layout_small_grid, grunt_livestock
D:12:     layout_gridville
D:13:     layout_rooms, minivault_5
D:14:     layout_stronghold, ximxim_vaults_locker_room, minivault_16,
          minmay_guarded_unrand_zonguldrok
D:15:     grunt_enter_depths_hoard, layout_basic,
          hangedman_abyss_or_decor_stabs, maelrawn_ghost_gauntlet_escape
Temple:   cyrus_temple_forest
Lair:1:   layout_layer_cave
Lair:2:   layout_hall_layers, chequers_serial_rivers_micro_a,
          minmay_lair_oklob_chamber
Lair:3:   cheibrodos_lair_river_kwai, layout_regular_city, serial_bayou_shore_a
Lair:4:   layout_regular_city, palyth_hydra_swamp_entry,
          minmay_snake_entry_guardpost_small, gammafunk_ghost_cemetery
Lair:5:   layout_big_grid, slime_altar_1, uniq_snorg
Lair:6:   cheibrodos_lair_end_hotspot, layout_regular_city, basic_altar,
          kennysheep_snail_temple
Swamp:1:  layout_basic_swamp, nicolae_swamp_triple_paths
Orc:1:    layout_diamond_mine, portal_ice_cave_entry_animals_and_master,
          ebering_ghost_reflecting_pool
Orc:2:    grunt_orc_tribal_feast, layout_diamond_mine, uniq_erolcha,
          uniq_josephine

Skill      XL: |  1  2  3  4  5  6  7  8  9 10 11 12 13 14 15 16 |
---------------+-------------------------------------------------+-----
Armour         | 4 5 6 7 8 10 11 | 11.3
Fighting       | 4 5 6 7 9 10 12 13 15 17 18 | 18.3
Shields        | 4 5 7 8 10 11 13 14 15 | 15.0
Long Blades    | 3 4 5 6 8 10 11 13 14 | 14.5
Dodging        | 1 2 3 4 5 6 7 8 10 | 10.7
Slings         | 1 2 3 6 8 10 11 | 11.5
Invocations    | 1 3 6 8 |  8.9

Action                   |  1- 3 |  4- 6 |  7- 9 | 10-12 | 13-15 | 16-18 || total
-------------------------+-------+-------+-------+-------+-------+-------++-------
Melee: Long sword        |    67 |   184 |   142 |       |       |       ||   393
       Headbutt          |     8 |    33 |   108 |   178 |   389 |    85 ||   801
       Falchion          |       |       |   278 |   134 |       |       ||   412
       Scimitar          |       |       |       |   487 |  1275 |   127 ||  1889
       Double sword      |       |       |       |       |       |   129 ||   129
 Fire: Hunting sling     |       |       |    16 |     2 |   137 |     7 ||   162
Invok: Lesser Servant of |       |       |       |     1 |     1 |       ||     2
Evoke: Wand              |       |       |       |     1 |       |       ||     1
  Use: Scroll            |     1 |     5 |     2 |     3 |    13 |     5 ||    29
       Potion            |       |       |       |     3 |     1 |     4 ||     8
 Stab: Petrified         |       |       |       |       |     8 |       ||     8
       Petrifying        |       |       |       |       |     1 |       ||     1
Armor: Scale mail        |    26 |    80 |    58 |       |       |       ||   164
       Chain mail        |       |       |    78 |    49 |       |       ||   127
       Ice dragon scales |       |       |       |    78 |   297 |    91 ||   466
Dodge: Dodged            |    14 |    69 |   105 |   149 |   450 |   129 ||   916
Block: Kite shield       |    32 |    92 |   229 |   302 |   741 |   180 ||  1576
       Reflection        |       |       |       |       |       |     2 ||     2
       Rpst.: Long sword |     5 |    23 |    11 |       |       |       ||    39
       Falchion          |       |       |    18 |     9 |       |       ||    27
       Scimitar          |       |       |       |    29 |    89 |    20 ||   138
       Double sword      |       |       |       |       |       |     8 ||     8
